 Dungeon Crawl Stone Soup version 0.31-a0-1591-g515db51633 (webtiles) character file.

Game seed: 3721697526710673454

12770 monsoonserge the Geomancer (level 11, 0/83 HPs)
             Began as a Ghoul Earth Elementalist on Jan 6, 2024.
             Was a Priest of Vehumet.
             Slain by a cane toad (5 damage)
             ... while petrified by a basilisk
             ... on level 1 of the Lair of Beasts.
             The game lasted 01:08:36 (12591 turns).

monsoonserge the Geomancer (GhEE)                  Turns: 12591, Time: 01:08:36

Health: 0/83       AC: 18    Str: 16    XL:     11   Next: 98%
Magic:  7/17       EV:  2    Int: 18    God:    Vehumet [***...]
Gold:   1768       SH:  0    Dex:  9    Spells: 2/19 levels left

rFire   + . .        M - +12 dagger of Beogh's Grace {protect, rElec Str+3}
rCold   + . .        C - +2 buckler
rNeg    + + +        E - +0 swamp dragon scales
rPois   ∞            J - +1 helmet {SInv}
rElec   +            y - +2 cloak {Stlth+}
rCorr   .            Q - +0 pair of gloves
SInv    +            K - +1 pair of boots {Fly}
Will    .....        (no amulet)
Stlth   ++           a - +5 ring of evasion
HPRegen 0.00/turn    V - ring of protection from fire
MPRegen 0.15/turn

%: no passive effects
@: petrified, flying, inhibited regen
A: claws 1, cold resistance 1, negative energy resistance 3, inhibited
regeneration, torment resistance 2, devour on kill
a: Renounce Religion


You were on level 1 of the Lair of Beasts.
You worshipped Vehumet.
Vehumet was most pleased with you.
You visited 3 branches of the dungeon, and saw 12 of its levels.
You also visited: Sewer and Bailey.

You collected 1768 gold pieces.

Inventory:

Hand Weapons
 f - a +4 long sword
 m - a +0 whip of pain
 G - a +6 morningstar
 M - the +12 dagger of Beogh's Grace (weapon) {protect, rElec Str+3}
   (You found it on level 7 of the Dungeon)

   Str+3:     It affects your strength (+3).
   rElec:     It insulates you from electricity.
 N - a +4 trident of draining
 W - a +4 quarterstaff of chaos
Missiles
 e - 4 throwing nets
 n - 7 javelins
 o - 25 boomerangs
 s - 34 poisoned darts (quivered)
 U - 2 curare-tipped darts
Armour
 r - a +1 ring mail of cold resistance
 u - the +0 scale mail of the Glowing Gods {+Blink +Inv}
   (You found it in a sewer)

   +Inv:      It lets you turn invisible.
   +Blink:    It lets you blink.
 y - a +2 cloak of stealth (worn)
 C - a +2 buckler (worn)
 E - +0 swamp dragon scales (worn)
 I - a +3 leather armour
 J - a +1 helmet of see invisible (worn)
 K - a +1 pair of boots of flying (worn)
 Q - a +0 pair of gloves (worn)
Jewellery
 a - a +5 ring of evasion (left hand)
 w - a ring of magical power
 T - a +6 ring of strength
 V - a ring of protection from fire (right hand)
Wands
 F - a wand of digging (14)
 H - a wand of charming (9)
 P - a wand of light (9)
 S - a wand of roots (5)
Scrolls
 g - a scroll of amnesia
 k - 2 scrolls of silence
 l - 2 scrolls of revelation
 q - a scroll of blinking {unknown}
 t - 5 scrolls of teleportation
 v - 2 scrolls of enchant weapon
 x - 2 scrolls of immolation
 z - a scroll of fear {unknown}
 A - 4 scrolls of fog {unknown}
 B - a scroll of poison {unknown}
 L - a scroll of vulnerability {unknown}
Potions
 b - 3 potions of magic
 c - a potion of degeneration {unknown}
 d - a potion of haste {unknown}
 h - a potion of curing
 i - a potion of brilliance
 j - 2 potions of might {unknown}
 p - 4 potions of enlightenment
 D - a potion of lignification {unknown}
 O - 2 potions of berserk rage {unknown}
 R - a potion of resistance {unknown}
 X - a potion of mutation {unknown}


   Skills:
 + Level 3.7 Fighting
 + Level 1.8(2.3) Short Blades
 - Level 2.2(2.6) Long Blades
 + Level 1.1 Maces & Flails
 + Level 1.1 Throwing
 * Level 6.9 Armour
 + Level 3.7 Dodging
 + Level 3.0 Stealth
 * Level 5.7 Shields
 + Level 4.6 Spellcasting
 * Level 6.5 Conjurations
 + Level 12.1 Earth Magic
 * Level 2.5 Alchemy
 + Level 0.1 Evocations


You had 2 spell levels left.
You knew the following spells:

 Your Spells              Type           Power      Damage    Failure   Level
a - Sandblast             Erth           94%        2d19      1%          1
b - Stone Arrow           Conj/Erth      74%        3d11      1%          3
c - Brom's Barrelling Bo  Conj/Erth      37%        2d6       1%          4
d - Iskenderun's Battles  Conj           27%        2d8       16%         5
e - Fulminant Prism       Conj/Alch      10%        3d8       13%         4

Your spell library contained the following spells:

 Spells                   Type           Power      Damage    Failure   Level
 Sting                    Conj/Alch      80%        1d8       1%          1
 Shock                    Conj/Air       60%        1d6       2%          1
 Apportation              Tloc           8%         N/A       30%         1
 Necrotise                Necr           16%        1d4       30%         1
 Summon Small Mammal      Summ           16%        N/A       30%         1
 Passwall                 Erth           47%        N/A       1%          3
 Petrify                  Alch/Erth      30%        N/A       14%         4
 Fireball                 Conj/Fire      7%         3d5       47%         5
 Airstrike                Air            2%         2d(1-17)  58%         4
 Swiftness                Air            4%         N/A       67%         3
 Conjure Ball Lightning   Conj/Air       7%         3x3d6     95%         6
 Cause Fear               Hex            2%         N/A       97%         4
 Orb of Destruction       Conj           13%        9d7       98%         7
 Dragon's Call            Summ           2%         N/A       100%        9


Dungeon Overview and Level Annotations

Branches:
Dungeon (10/15)            Temple (1/1) D:5            Lair (1/5) D:9
  Sewer (visited)          Bailey (visited)
    Orc: D:9-12

Altars:
Ashenzari
Cheibriados
Dithmenos
Fedhas
Gozag
Hepliaklqana
Kikubaaqudgha
Makhleb
Nemelex Xobeh
Okawaru
Qazlal
Ru
Sif Muna
Trog
Uskayaw
Vehumet
Wu Jian
Xom
Yredelemnul

Shops:
D:8 *   D:10 !

Portals:
Abyss: D:5

Annotations:
D:10 Erica


Innate Abilities, Weirdness & Mutations

You are immune to poison.
You have sharp fingernails.
Your flesh is cold resistant. (rC+)
You are immune to negative energy. (rN+++)
You do not regenerate when monsters are visible.
You are immune to unholy pain and torment.
You thrive by killing the living.


Message History

Okay, then.
Aiming: Charm
Press: ? - help, Shift-Dir - straight line, f - cane toad, p - basilisk
Aim: a cane toad (chance to affect: 49%)
The cane toad resists with some effort.
The basilisk gazes at you.
You are slowing down.
The cane toad stings you but does no damage.
Aiming: Charm
Press: ? - help, Shift-Dir - straight line, f - basilisk, p - cane toad
Aim: a basilisk (chance to affect: 49%)
The basilisk resists with some effort.
The blink frog hits you but does no damage.
You block the cane toad's attack. The komodo dragon bites you!!
The basilisk gazes at you. You resist with some effort.
The blink frog hits you but does no damage.
The cane toad barely misses you. The komodo dragon barely misses you.
The basilisk gazes at you.
Your limbs have turned to stone.
You have turned to stone.
The blink frog hits you.
The blink frog blinks! x2; The cane toad stings you.
The komodo dragon bites you!!
* * * LOW HITPOINT WARNING * * *
The basilisk bites you but does no damage.
The blink frog hits you.
* * * LOW HITPOINT WARNING * * *
The cane toad stings you but does no damage.
The komodo dragon bites you.
* * * LOW HITPOINT WARNING * * *
The basilisk gazes at you. You resist with some effort.
The blink frog blinks!
The cane toad completely misses you. The komodo dragon bites you!
* * * LOW HITPOINT WARNING * * *
The basilisk gazes at you.
The cane toad stings you but does no damage.
The komodo dragon bites you but does no damage.
The basilisk gazes at you. The cane toad stings you. The cane toad stings you!
You die...

#.#.###....##.#
#.#..........}#
#.............#
#...†.........# # ##
#....F........ .#.###
.........# #..~. ♣♣.F....# .
##)†♣ ♣♣♣♣F♣l....# .#
##.~~♣♣♣...F@♣§...# ..# #
##...~~♣♣...l♣♣....##..#.
####..#.♣~~~.♣♣♣♣♣.)§##.....
.†......♣♣~~~.♣♣............
#..........≈~~♣~~~.....§....
#.#####†♣.♣.♣~~~♣~~.........
#.# #.♣♣♣♣♣♣.♣♣♣~..###....
..# #.♣♣.♣.♣♣♣.♣...# ....
#.# ##..[....♣......## ...


You could see a komodo dragon, a cane toad, a basilisk and 2 blink frogs.

Vanquished Creatures
  A two-headed ogre (D:8)
  Urug (Lair:1)
  An orc knight (Bailey)
  The ghost of CougarLife the Insei, a novice GnSh (D:5)
  Maurice (D:7)
  A cane toad (Lair:1)
  Jeremiah (D:7)
  A polar bear (D:9)
  A merfolk (D:9)
  6 blink frogs (Lair:1)
  A slime creature (D:9)
  A shadow (D:9)
  3 yaks (D:9)
  5 wyverns
  2 steam dragons
  3 basilisks
  Menkaure (D:7)
  An acid dragon (D:8)
  6 water moccasins
  Duvessa (D:7)
  2 ice beasts
  7 orc warriors (Bailey)
  A sky beast (D:8)
  A black bear (D:4)
  3 centaurs
  2 ogres
  4 wolves (Lair:1)
  A phantom (D:5)
  6 kobold brigands
  3 bullfrogs (Lair:1)
  A gnoll sergeant (D:9)
  A scorpion (D:4)
  A small abomination (D:5)
  9 wights
  Dowan (D:7)
  5 killer bees (D:7)
  5 howler monkeys
  2 quasits (D:5)
  4 gnoll boudas
  Crazy Yiuf (D:2)
  2 orc priests
  9 jellies
  Terence (D:3)
  Jessica (D:3)
  3 sleepcaps
  9 iguanas
  9 orc wizards
  Natasha (thrice) (D:2)
  Robin (D:2)
  23 gnolls
  7 adders
  2 shadow imps
  A white imp (D:6)
  4 ufetubi (D:6)
  3 dart slugs
  41 orcs
  18 endoplasms
  8 giant cockroaches
  7 goblins
  11 hobgoblins
  A quokka (D:1)
  16 ball pythons
  8 bats
  6 frilled lizards
  29 kobolds
  8 rats
330 creatures vanquished.

Vanquished Creatures (collateral kills)
  4 endoplasms (D:9)
  11 boulders (D:9)
15 creatures vanquished.

Vanquished Creatures (others)
  5 boulders
  2 fulminant prisms (Lair:1)
7 creatures vanquished.

Grand Total: 352 creatures vanquished

Notes
Turn   | Place    | Note
-------+----------+-------------------------------------------
     0 | D:1      | monsoonserge the Ghoul Earth Elementalist began the quest
                  | for the Orb.
     0 | D:1      | Reached XP level 1. HP: 14/14 MP: 3/3
   260 | D:1      | Reached XP level 2. HP: 20/20 MP: 2/4
   489 | D:1      | Found a faded altar of an unknown god.
   497 | D:1      | Reached skill level 4 in Earth Magic
   774 | D:2      | Reached XP level 3. HP: 26/26 MP: 3/6
  1222 | D:2      | Reached skill level 1 in Conjurations
  1258 | D:2      | Noticed Robin
  1259 | D:2      | Noticed Natasha
  1440 | D:2      | Found a runed translucent door.
  1441 | D:2      | Noticed Crazy Yiuf
  1518 | D:2      | Reached skill level 1 in Armour
  1518 | D:2      | Reached XP level 4. HP: 33/33 MP: 5/7
  1521 | D:2      | Killed Robin
  1551 | D:2      | Killed Natasha
  1652 | D:2      | Noticed Natasha
  1663 | D:2      | Killed Natasha
  1664 | D:2      | Reached skill level 1 in Long Blades
  1664 | D:2      | Reached XP level 5. HP: 3/38 MP: 1/8
  1675 | D:2      | Noticed Natasha
  1833 | D:2      | Killed Natasha
  2036 | D:3      | Noticed Jessica
  2036 | D:3      | Noticed Terence
  2045 | D:3      | Killed Terence
  2050 | D:3      | Killed Jessica
  2051 | D:3      | Reached skill level 5 in Earth Magic
  2051 | D:3      | Reached XP level 6. HP: 38/46 MP: 0/9
  2175 | D:3      | Found a glowing drain.
  2211 | Sewer    | Entered a sewer
  2216 | Sewer    | Learned a level 3 spell: Stone Arrow
  2485 | Sewer    | Identified the +0 scale mail of the Glowing Gods {+Blink
                  | +Inv}
  2538 | Sewer    | Reached skill level 1 in Fighting
  2538 | Sewer    | Reached XP level 7. HP: 48/52 MP: 0/10
  3853 | D:4      | Reached skill level 6 in Earth Magic
  4126 | D:4      | Reached XP level 8. HP: 25/60 MP: 5/11
  4294 | D:4      | Found a stormy altar of Qazlal.
  4297 | D:4      | Found a broken altar of Ashenzari.
  4398 | D:4      | Found a blossoming altar of Fedhas.
  4650 | D:5      | Entered Level 5 of the Dungeon
  4654 | D:5      | Reached skill level 7 in Earth Magic
  4702 | D:5      | Found a transporter.
  4705 | D:5      | Found a one-way gate to the infinite horrors of the Abyss.
  4705 | D:5      | Noticed CougarLife's ghost (novice GnSh)
  4769 | D:5      | Found a staircase to the Ecumenical Temple.
  4791 | Temple   | Entered the Ecumenical Temple
  4913 | D:5      | Reached skill level 1 in Shields
  5203 | D:5      | Found a transporter.
  5330 | D:6      | Reached skill level 8 in Earth Magic
  5582 | D:6      | Reached XP level 9. HP: 67/67 MP: 12/12
  5732 | D:6      | Found a shimmering altar of Xom.
  5735 | D:6      | Noticed an angel
  5926 | D:6      | Found an ornate altar of the Wu Jian Council.
  5927 | D:6      | Found a radiant altar of Vehumet.
  5927 | D:6      | Found an iron altar of Okawaru.
  5938 | D:6      | Became a worshipper of Vehumet
  6556 | D:7      | Noticed Maurice
  6584 | D:7      | Found a flagged portal.
  6605 | D:7      | Something stole 30 poisoned darts
  6606 | D:7      | Something stole a +0 whip of pain
  6656 | D:7      | Killed Maurice
  6657 | D:7      | Reached skill level 9 in Earth Magic
  6764 | Bailey   | Entered a bailey
  6795 | Bailey   | Reached skill level 1 in Maces & Flails
  6808 | Bailey   | Identified the +9 trident of the Lost Deaths {distort,
                  | *Rage rC+ Int-5 Dex+4}
  6901 | Bailey   | Reached * piety under Vehumet
  6901 | Bailey   | Offered knowledge of Kiss of Death by Vehumet.
  6912 | Bailey   | Noticed an orc knight
  6916 | Bailey   | Killed an orc knight
  6917 | Bailey   | Reached skill level 5 in Armour
  6917 | Bailey   | Reached XP level 10. HP: 50/74 MP: 3/14
  7381 | D:7      | Reached skill level 5 in Conjurations
  7413 | D:7      | Learned a level 4 spell: Brom's Barrelling Boulder
  7429 | D:7      | Identified the +6 spear of Denugro {freeze, rElec Str+5
                  | Int-5 Stlth+}
  7479 | D:7      | Identified the +12 dagger of Beogh's Grace {protect, rElec
                  | Str+3}
  7486 | D:7      | Noticed Duvessa
  7486 | D:7      | Noticed Dowan
  7491 | D:7      | Killed Duvessa
  7492 | D:7      | Reached skill level 10 in Earth Magic
  7493 | D:7      | Killed Dowan
  7727 | D:7      | Noticed Jeremiah
  7741 | D:7      | Killed Jeremiah
  7845 | D:7      | Noticed Menkaure
  7847 | D:7      | Killed Menkaure
  8309 | D:8      | Noticed a two-headed ogre
  8321 | D:8      | Killed a two-headed ogre
  8322 | D:8      | Reached skill level 1 in Throwing
  8442 | D:8      | Found Matrekung's Overcharged Wands.
  8493 | D:8      | Offered knowledge of Scorch by Vehumet.
  8528 | D:8      | Reached ** piety under Vehumet
  8750 | D:8      | Identified the +3 sling of Patterns {antimagic, rCorr
                  | Int+3}
  8842 | D:8      | Reached skill level 11 in Earth Magic
  9381 | D:9      | Reached XP level 11. HP: 43/81 MP: 3/16
  9524 | D:9      | Found a staircase to the Lair.
  9583 | D:9      | Reached skill level 1 in Short Blades
  9971 | D:9      | Offered knowledge of Hailstorm by Vehumet.
  9985 | D:9      | Reached *** piety under Vehumet
  9995 | D:9      | Reached skill level 5 in Shields
 10014 | D:9      | Learned a level 5 spell: Iskenderun's Battlesphere
 10296 | D:9      | HP: 2/82 [merfolk/+0 trident (13)]
 10531 | D:9      | Found an iron altar of Okawaru.
 10905 | D:2      | Killed Crazy Yiuf
 11058 | D:5      | Offered knowledge of Fulminant Prism by Vehumet.
 11060 | D:5      | Killed CougarLife's ghost
 11068 | D:5      | Learned a level 4 spell: Fulminant Prism
 11368 | D:10     | Entered Level 10 of the Dungeon
 11543 | D:10     | Noticed Erica
 11543 | D:10     | Noticed a two-headed ogre
 11582 | D:10     | Noticed a soul eater
 11598 | D:10     | Found Xuosudul's Distillery.
 11739 | Lair:1   | Entered Level 1 of the Lair of Beasts
 11925 | Lair:1   | Noticed Urug
 11944 | Lair:1   | Killed Urug
 11945 | Lair:1   | Reached skill level 1 in Alchemy
 12183 | Lair:1   | Upgraded the game from 0.31-a0-1589-g8f5e8aebd6 to
                  | 0.31-a0-1591-g515db51633
 12291 | Lair:1   | Reached skill level 12 in Earth Magic
 12591 | Lair:1   | Slain by a cane toad

Illustrated notes

Levels and vault maps discovered:
D:1:      amcnicky_arrival_double_pillar, layout_basic,
          shapermc_ecumenical_altar_mp_ritualfount
D:2:      layout_loops_ring, uniq_robin, uniq_crazy_yiuf_cottage, uniq_natasha
D:3:      layout_basic, mainiacjoe_sewer_entry_somewhere_in_here_1,
          nicolae_elevator_lobby_plus, uniq_jessica, uniq_terence
D:4:      layout_basic, nicolae_overflow_squiral, fedhas_ov_isle_minmay
D:5:      layout_rooms, minmay_temple_entry_large_hall,
          gammafunk_ghost_abyssal_escape
D:6:      layout_cave_pods, grunt_temple_overflow_order_and_chaos_1,
          chequers_temple_overflow_statue_of_worship
D:7:      layout_loops_cross, serial_library,
          serial_library_hellmonk_layered_room,
          serial_library_regret_index_multi, serial_library_hellmonk_u_bend,
          serial_library_hellmonk_layered_room,
          serial_library_regret_index_split_case,
          serial_library_hellmonk_hallway_b,
          serial_library_hellmonk_small_corner,
          serial_library_hellmonk_hallway_b, enter_bailey_8, uniq_jeremiah,
          uniq_duvessa, uniq_menkaure, uniq_maurice
D:8:      layout_cave_pods, nicolae_shop_overcharged_wands
D:9:      lemuel_slime, layout_basic, elyvilon_altar_3, minmay_lair_entry_grove,
          roadster_trireme
D:10:     layout_stronghold, serial_shops, shop, uniq_erica
Temple:   oiseaux_autumnal_temple
Lair:1:   layout_gridlike, guppyfry_lair_drakes, grunt_megastairs_1,
          lemuel_fruit_fields, infiniplex_staircase_pool_2, uniq_urug

Skill      XL: |  1  2  3  4  5  6  7  8  9 10 11 |
---------------+----------------------------------+-----
Earth Magic    | 4 5 6 8 9 11 12 | 12.1
Spellcasting   | 2 3 4 |  4.6
Dodging        | 2 3 |  3.7
Conjurations   | 1 2 3 4 5 6 |  6.5
Armour         | 1 2 3 4 5 6 |  6.9
Long Blades    | 1 2 |  2.2
Fighting       | 1 2 3 |  3.7
Shields        | 2 3 4 5 |  5.7
Maces & Flails | 1 |  1.1
Throwing       | 1 |  1.1
Stealth        | 3 |  3.0
Short Blades   | 1 |  1.8
Alchemy        | 2 |  2.5
Evocations     | |  0.1

Action                     |  1- 3 |  4- 6 |  7- 9 | 10-12 || total
---------------------------+-------+-------+-------+-------++-------
  Melee: Long sword        |    13 |    49 |    34 |       ||    96
         Morningstar       |       |       |    14 |     3 ||    17
         Dagger            |       |       |       |   118 ||   118
  Throw: Dart              |       |       |     5 |     7 ||    12
         Boomerang         |       |       |     1 |       ||     1
   Cast: Sandblast         |    48 |    70 |   226 |    90 ||   434
         Stone Arrow       |       |       |    14 |   103 ||   117
         Brom's Barrelling |       |       |       |    23 ||    23
         Iskenderun's Batt |       |       |       |     4 ||     4
         Fulminant Prism   |       |       |       |     2 ||     2
  Evoke: Wand              |       |       |       |     3 ||     3
    Use: Potion            |       |     1 |     3 |     5 ||     9
         Scroll            |       |       |       |     9 ||     9
   Stab: Distracted        |       |       |       |     1 ||     1
 Armour: Ring mail         |    17 |    77 |    77 |       ||   171
         Swamp dragon scal |       |       |    39 |   138 ||   177
         Leather armour    |       |       |       |    68 ||    68
  Dodge: Dodged            |    26 |   111 |   157 |   182 ||   476
  Block: Buckler           |       |       |    40 |    92 ||   132

Table legend: (Time is in decaauts)
 A = Elapsed time spent in this place.
 B = Non-inter-level travel time spent in this place.
 C = Inter-level travel time spent in this place.
 D = Time resting spent in this place.
 E = Time spent auto-exploring this place.
 F = Levels seen in this place.
 G = Mean time per level.
                   A        B        C        D        E       F      G
               +--------+--------+--------+--------+--------+-----+--------+
         Total |  12881 |  12120 |    761 |   1945 |   6305 |  14 |  920.1 |
       Dungeon |  11090 |  10329 |    761 |   1544 |   5846 |  10 | 1109.0 |
        Temple |      3 |      3 |      0 |      0 |      0 |   1 |    3.0 |
          Lair |    665 |    665 |      0 |    163 |    226 |   1 |  665.0 |
         Sewer |    535 |    535 |      0 |    116 |    151 |   1 |  535.0 |
        Bailey |    586 |    586 |      0 |    122 |     81 |   1 |  586.0 |
               +--------+--------+--------+--------+--------+-----+--------+

Top non-repeatable levels by time:
     D:9: 1880 daAuts
     D:7: 1339 daAuts
     D:2: 1198 daAuts
     D:3: 1185 daAuts
     D:5: 1170 daAuts
     D:4: 1149 daAuts
     D:6: 1087 daAuts
     D:8: 940 daAuts
     D:1: 928 daAuts
  Lair:1: 665 daAuts
  Bailey: 586 daAuts
   Sewer: 535 daAuts
    D:10: 211 daAuts
  Temple: 3 daAuts
